 Dungeon Crawl Stone Soup version 0.18-a0-1702-gd20c6a5 (webtiles) character file.

461 xeno23 the Vexing (level 6, -2/44 HPs)
             Began as a Vampire Enchanter on Apr 6, 2016.
             Slain by a mummy (12 damage)
             ... in an ossuary.
             The game lasted 00:18:42 (2590 turns).

xeno23 the Vexing (Vampire Enchanter)               Turns: 2590, Time: 00:18:43

Health: -2/44      AC:  3    Str:  9    XL:     6   Next: 79%
Magic:  1/10       EV: 20    Int: 17    God:
Gold:   282        SH:  0    Dex: 20    Spells: 4 memorised, 2 levels left

rFire  . . .     SeeInvis +     q - +0 short sword (venom)
rCold  . . .     Gourm    .     b - +1 robe
rNeg   + . .     Faith    .     (no shield)
rPois  .         Spirit   .     (no helmet)
rElec  .         Dismiss  .     (no cloak)
rCorr  .         Reflect  .     (no gloves)
SustAt .         Harm     .     (no boots)
MR     .....                    (no amulet)
Stlth  +++++.....               (no ring)
                                o - +1 ring of evasion

@: agile, not resistant to hostile enchantments, quite stealthy
A: fangs 3, see invisible, unbreathing
a: Bat Form


You were in an ossuary.
You were not thirsty.

You visited 1 branch of the dungeon, and saw 4 of its levels.
You also visited: Ossuary.

You collected 282 gold pieces.

Inventory:

Hand Weapons
 q - a +0 short sword of venom (weapon)
 w - a +0 blowgun
Missiles
 j - 6 javelins (quivered)
 x - 21 poisoned needles
Armour
 b - a +1 robe (worn)
 y - a +0 pair of gloves
Jewellery
 o - a +1 ring of evasion (left hand)
Wands
 a - a wand of teleportation (2/9)
Scrolls
 e - 2 scrolls of remove curse
 g - a scroll of enchant armour {unknown}
 i - 2 scrolls of fog {unknown}
 k - 2 scrolls of fear {unknown}
 m - 2 scrolls of recharging {unknown}
 n - a scroll of noise {unknown}
 p - 2 scrolls of immolation {unknown}
 r - a scroll of enchant weapon {unknown}
 t - a scroll of magic mapping
Potions
 d - 8 potions of blood
 f - 2 potions of curing {unknown}
 l - a potion of cure mutation
 s - a potion of flight
 u - a potion of brilliance
 v - 2 potions of haste
 z - a potion of heal wounds {unknown}
Books
 c - a book of Maledictions

   Spells                             Type                      Level
   a - Corona                         Hexes                        1
   b - Ensorcelled Hibernation        Hexes/Ice                    2
   c - Confuse                        Hexes                        3
   d - Tukima's Dance                 Hexes                        3
   e - Dazzling Spray                 Conjuration/Hexes            3


   Skills:
 + Level 1.9 Fighting
 * Level 4.0 Short Blades
 + Level 3.2 Dodging
 + Level 5.8 Stealth
 + Level 3.0 Spellcasting
 * Level 6.7 Hexes


You had 2 spell levels left.
You knew the following spells:

 Your Spells              Type           Power        Failure   Level  Hunger
a - Confuse               Hex            ####....     3%          3    ###....
c - Corona                Hex            ####...      1%          1    None
d - Tukima's Dance        Hex            ####....     3%          3    ###....
f - Ensorcelled Hibernat  Hex/Ice        ##....       10%         2    ##.....


Dungeon Overview and Level Annotations

Branches:
Dungeon (4/15)
 Temple: D:4-7

Altars:
Elyvilon
Pakellas
Ru
The Shining One


Innate Abilities, Weirdness & Mutations

You have razor-sharp teeth.
You have supernaturally acute eyesight.
You can survive without breathing.


Message History

Unknown command.
Drink which item? (? for menu, Esc to quit)
You feel agile all of a sudden.
You completely miss the mummy.
The mummy is severely damaged.
You hit the mummy but do no damage. Your bite misses the mummy.
The mummy is severely damaged.
The mummy misses you.
You hit the mummy but do no damage.
The mummy is severely damaged.
You barely miss the mummy.
The mummy is severely damaged.
The mummy misses you.
Your magical contamination has completely faded away.
You hit the mummy but do no damage.
The mummy is severely damaged.
You hit the mummy.
The mummy is almost destroyed.
The mummy hits you!
You die...

#######
#.#.#@#
#....M#
##...##
#.∩.#
#...#
#.M.#
#...#
##+##


You could see 2 mummies.

Vanquished Creatures
  Eustachio (D:4)
  An ogre (D:4)
  A hound (D:4)
  Ijyb (D:3)
  Natasha (twice) (D:2)
  A mummy (Ossuary)
  4 adders
  2 worms (D:2)
  4 dart slugs
  A giant gecko (D:2)
  2 ball pythons (D:3)
  8 bats
  A bat zombie (D:1)
  4 giant cockroaches
  10 goblins
  9 hobgoblins
  2 jackals (D:1)
  A giant cockroach zombie (D:1)
  6 giant newts
  8 kobolds
  10 rats
79 creatures vanquished.

Notes
Turn   | Place    | Note
--------------------------------------------------------------
     0 | D:1      | xeno23 the Vampire Enchanter began the quest for the Orb.
     0 | D:1      | Reached XP level 1. HP: 13/13 MP: 3/3
   110 | D:1      | Reached XP level 2. HP: 19/19 MP: 5/5
   520 | D:1      | Reached XP level 3. HP: 16/25 MP: 6/6
   903 | D:2      | Found a white marble altar of Elyvilon.
   929 | D:2      | Learned a level 3 spell: Confuse
   932 | D:2      | Learned a level 2 spell: Ensorcelled Hibernation
   947 | D:2      | Reached skill level 5 in Stealth
   979 | D:2      | Found a sacrificial altar of Ru.
  1190 | D:2      | Noticed Natasha
  1191 | D:2      | Reached skill level 5 in Hexes
  1198 | D:2      | Reached skill level 1 in Fighting
  1211 | D:2      | Reached XP level 4. HP: 26/32 MP: 0/7
  1228 | D:2      | Killed Natasha
  1407 | D:2      | Found an oddly glowing altar of Pakellas.
  1581 | D:2      | Noticed Natasha
  1592 | D:2      | Killed Natasha
  1669 | D:3      | Found a faded altar to an unknown god.
  1684 | D:3      | Reached XP level 5. HP: 37/37 MP: 8/8
  1690 | D:3      | Found a glowing golden altar of the Shining One.
  1845 | D:3      | Noticed Ijyb
  1850 | D:3      | Killed Ijyb
  2330 | D:4      | Noticed an ogre
  2331 | D:4      | Noticed Eustachio
  2350 | D:4      | Killed an ogre
  2350 | D:4      | Reached skill level 6 in Hexes
  2350 | D:4      | Reached XP level 6. HP: 43/43 MP: 5/10
  2376 | D:4      | Killed Eustachio
  2454 | D:4      | Found a sand-covered staircase.
  2467 | D:4      | Learned a level 3 spell: Tukima's Dance
  2553 | Ossuary  | Entered an ossuary
  2590 | Ossuary  | Slain by a mummy

Vault maps used:
D:1:      saegor_arrival_fortress
D:2:      minmay_door_path, grunt_pakellas_mercury, elyvilon_altar_5,
          lemuel_doored_altar, st_stairs_1, uniq_natasha
D:3:      old_standard_altar, ecumenical_altar_2, uniq_iyjb
D:4:      black_bear_nest_2, lightli_ossuary_entry_decrepit_ruins,
          serial_bayou_pond_b, uniq_eustachio, uniq_edmund, uniq_duvessa
Ossuary:  ossuary_minmay_chase

Skill      XL: |  1  2  3  4  5  6 |
---------------+-------------------+-----
Stealth        | 5 |  5.8
Hexes          | 5 6 |  6.7
Fighting       | 1 |  1.9
Short Blades   | 2 3 4 |  4.0
Dodging        | 3 |  3.2
Spellcasting   | 3 |  3.0

Action                   |  1- 3 |  4- 6 || total
-------------------------+-------+-------++-------
Melee: Dagger            |    59 |       ||    59
       Short sword       |    54 |   106 ||   160
 Cast: Corona            |     1 |       ||     1
       Ensorcelled Hiber |     2 |     1 ||     3
       Confuse           |     1 |     7 ||     8
  Use: Potion            |     5 |     1 ||     6
       Scroll            |       |     9 ||     9
 Stab: Sleeping          |    18 |    11 ||    29
       Confused          |     1 |     3 ||     4
  Eat: Corpse            |     7 |     3 ||    10
